 Dungeon Crawl Stone Soup version 0.31.0-11-ge490571c62 (webtiles) character file.

Game seed: 17374739231399656200

2153 RancidPinata the Covert (level 9, -5/61 (64) HPs)
             Began as an Octopode Delver on Feb 7, 2024.
             Was a Follower of Ru.
             Slain by a wight
             ... wielding a +4 war axe
              (14 damage)
             ... on level 6 of the Dungeon.
             The game lasted 00:29:51 (8983 turns).

RancidPinata the Covert (Octopode Delver)           Turns: 8983, Time: 00:29:52

HP:   -5/61 (64)    AC:  1    Str: 13    XL:     9   Next: 31%
MP:   9/9           EV: 16    Int: 12    God:    Ru [*.....]
Gold: 207           SH:  0    Dex: 16    Spells: 8/8 levels left

rFire   . . .        z - +0 dagger (speed)
rCold   . . .        (no shield)
rNeg    + . .        (helmet restricted)
rPois   .            (no amulet)
rElec   .            i - ring of flight
rCorr   .            F - ring of positive energy
SInv    .            (no ring)
Will    .....        (no ring)
Stlth   ++++++       (no ring)
HPRegen 0.30/turn    (no ring)
MPRegen 0.11/turn    (no ring)
                     (no ring)

%: no passive effects
@: flying, lightly drained
A: almost no armour, amphibious, 8 rings, camouflage 1, gelatinous body 1, no
earth magic, no hexes magic, no summoning magic, (nimble swimmer 1), tentacles
a: Renounce Religion


You were on level 6 of the Dungeon.
You worshipped Ru.
Ru was aware of your devotion.
You visited 2 branches of the dungeon, and saw 8 of its levels.

You collected 267 gold pieces.
You spent 60 gold pieces at shops.

Inventory:

Hand Weapons
 a - a +0 short sword
 z - a +0 dagger of speed (weapon)
Missiles
 j - 17 poisoned darts
 m - 57 stones
 A - 13 boomerangs (quivered)
 C - 5 atropa-tipped darts
Jewellery
 i - a ring of flight (left tentacle)
 v - a ring of fire
 F - a ring of positive energy (right tentacle)
Talismans
 w - a maw talisman
 y - a flux talisman
 E - a blade talisman
Wands
 f - a wand of digging (3)
 B - a wand of roots (12)
 G - a wand of polymorph (13)
Scrolls
 b - 3 scrolls of fog
 c - a scroll of revelation
 d - 3 scrolls of immolation {unknown}
 e - 6 scrolls of identify {unknown}
 g - 3 scrolls of amnesia {unknown}
 h - 3 scrolls of blinking {unknown}
 l - 2 scrolls of vulnerability {unknown}
 p - a scroll of enchant weapon {unknown}
 s - 2 scrolls of teleportation {unknown}
 t - a scroll of poison {unknown}
 u - a scroll of brand weapon {unknown}
Potions
 k - a potion of haste
 o - a potion of curing {unknown}
 q - 2 potions of mutation {unknown}
 r - 3 potions of enlightenment {unknown}
 x - a potion of degeneration {unknown}
 D - a potion of might {unknown}


   Skills:
 * Level 7.1 Fighting
 + Level 5.0 Short Blades
 * Level 6.7 Dodging
 * Level 11.1 Stealth


You had 8 spell levels left.
You didn't know any spells.
Your spell library contained the following spells:

 Spells                   Type           Power      Damage    Failure   Level
 Lesser Beckoning         Tloc           0%         N/A       45%         2
 Gell's Gravitas          Tloc           0%         N/A       69%         3
 Teleport Other           Tloc           0%         N/A       69%         3
 Volatile Blastmotes      Fire/Tloc      0%         2d10      69%         3
 Fulminant Prism          Conj/Alch      0%         3d5       97%         4
 Iskenderun's Mystic Bla  Conj/Tloc      0%         2d3       97%         4


Dungeon Overview and Level Annotations

Branches:
Dungeon (7/15)             Temple (1/1) D:5

Altars:
Ashenzari
Cheibriados
Dithmenos
Fedhas
Gozag
Hepliaklqana
Kikubaaqudgha
Makhleb
Nemelex Xobeh
Okawaru
Qazlal
Ru
Sif Muna
Trog
Uskayaw
Vehumet
Xom
Yredelemnul
Zin
The Shining One

Shops:
D:2 *


Innate Abilities, Weirdness & Mutations

You cannot wear most types of armour.
You are amphibious.
You can wear up to eight rings at the same time.
Your skin changes colour to match your surroundings (Stealth+).
Your rubbery body absorbs attacks. (AC +1, EV +1)
You cannot study or cast Earth magic.
You cannot study or cast Hexes magic.
You cannot study or cast Summoning magic.
((You are camouflaged when in or above water. (Stealth+)))
You have tentacles for arms and can constrict up to eight enemies at once.


Message History

You fly upwards.
There is a stone staircase leading down here.
You fly downwards.
There is a stone staircase leading up, spattered with blood here.
You fly upwards.
There is a stone staircase leading down here.
You fly downwards.
The wight hits you with a +4 war axe!
There is a stone staircase leading up, spattered with blood here.
The wight hits you with a +4 war axe! You partially resist.
You feel drained.
You fly upwards.
There is a stone staircase leading down here.
You hit the wight but do no damage. Your grab misses the wight.
You squeeze the wight, but do no damage.
The wight hits you with a +4 war axe!
You hit the wight but do no damage. Your grab misses the wight.
You hit the wight but do no damage. You grab the wight.
You constrict the wight, but do no damage.
The wight barely misses you.
You hit the wight but do no damage.
You constrict the wight, but do no damage.
You hit the wight but do no damage. You constrict the wight.
The wight hits you with a +4 war axe!
* * * LOW HITPOINT WARNING * * *
You partially resist.
You feel drained.
* * * LOW HITPOINT WARNING * * *
You hit the wight but do no damage.
The wight is lightly damaged.
You constrict the wight. You hit the wight.
The wight is lightly damaged.
You constrict the wight, but do no damage.
The wight closely misses you.
You hit the wight but do no damage. You squeeze the wight.
The wight is heavily damaged.
You constrict the wight. You hit the wight but do no damage.
You squeeze the wight, but do no damage.
The wight is severely damaged.
You constrict the wight. The wight hits you with a +4 war axe!
You die...

#..........#.......).
#..........#.........
#.....###.########...
#.#######.###.####[..
#..........)#........
#...........#...^.)..
#...........#........
#..z).......#.......<
##..@[)##..##.####...
########..##.####...
#.......#.....
#.......#.....
#......<#.....
#.......#.....
##....###.##..
#############
#...#...


You could see a wight.

Vanquished Creatures
  Grinder (D:4)
  A steam dragon (D:6)
  3 water moccasins
  An orc warrior (D:6)
  A black bear (D:6)
  A centaur (D:6)
  2 phantoms
  2 bullfrogs (D:7)
  A scorpion (D:5)
  3 hounds
  A jelly (D:5)
  8 orc priests
  A gnoll bouda (D:5)
  2 sleepcaps
  2 iguanas
  2 orc wizards
  17 gnolls
  10 adders
  4 white imps
  2 ufetubi (D:6)
  3 dart slugs
  5 ribbon worms
  35 orcs
  5 ball pythons
  7 endoplasms
  2 giant cockroaches
  5 goblins
  5 hobgoblins
  10 jackals
  A quokka (D:4)
  3 bats
  2 frilled lizards (D:1)
  4 kobolds
  5 rats
157 creatures vanquished.

Notes
Turn   | Place    | Note
-------+----------+-------------------------------------------
     0 | D:5      | RancidPinata the Octopode Delver began the quest for the
                  | Orb.
     0 | D:5      | Reached XP level 1. HP: 16/16 MP: 1/1
    18 | D:6      | Found an opulent altar of Gozag.
    25 | D:6      | Reached XP level 2. HP: 18/21 MP: 2/2
   153 | D:5      | Found a staircase to the Ecumenical Temple.
   164 | Temple   | Entered the Ecumenical Temple
   188 | Temple   | Became a worshipper of Ru the Awakened
   222 | D:5      | Noticed a phantom
   399 | D:4      | Reached skill level 7 in Stealth
   399 | D:4      | Reached XP level 3. HP: 20/26 MP: 3/3
   458 | D:4      | Reached XP level 4. HP: 33/33 MP: 4/4
   506 | D:4      | Noticed a phantom
   926 | D:3      | Reached XP level 5. HP: 27/37 MP: 5/5
  1142 | D:2      | Found Virrips's Assorted Antiques.
  1200 | D:2      | Bought a fuming black potion for 19 gold pieces
  1200 | D:2      | Bought a scroll labelled LUFEASKEYFO for 22 gold pieces
  1200 | D:2      | Bought a sapphire potion for 19 gold pieces
  1785 | D:1      | Found a faded altar of an unknown god.
  2771 | D:3      | Reached XP level 6. HP: 37/43 MP: 6/6
  2865 | D:3      | Reached skill level 8 in Stealth
  3062 | D:4      | Noticed Grinder
  3080 | D:4      | Killed Grinder
  3081 | D:4      | Reached XP level 7. HP: 26/49 MP: 7/7
  3800 | D:5      | Reached skill level 5 in Fighting
  4371 | D:5      | Reached skill level 9 in Stealth
  4375 | D:5      | Gained mutation: You cannot study or cast Earth magic. [Ru
                  | sacrifice]
  4375 | D:5      | Gained mutation: You cannot study or cast Hexes magic. [Ru
                  | sacrifice]
  4375 | D:5      | Gained mutation: You cannot study or cast Summoning magic.
                  | [Ru sacrifice]
  4375 | D:5      | Reached * piety under Ru
  5064 | D:4      | Reached skill level 5 in Dodging
  5232 | D:4      | Reached XP level 8. HP: 32/56 MP: 8/8
  6127 | D:7      | Reached skill level 10 in Stealth
  7689 | D:5      | Reached XP level 9. HP: 46/63 MP: 9/9
  7987 | D:6      | Found a glowing silver altar of Zin.
  8088 | D:6      | Reached skill level 11 in Stealth
  8706 | D:7      | Reached skill level 5 in Short Blades
  8983 | D:6      | Slain by a wight

Illustrated notes

Levels and vault maps discovered:
D:1:      dpeg_arrival_rooms_a, layout_rooms,
          chequers_ecumenical_altar_simple_redux, minivault_5,
          minmay_statues_item
D:2:      layout_loops_ring, serial_shops, shop, kennysheep_generic_room_3
D:3:      layout_basic
D:4:      layout_loops_ring, dk_noncrumbling_3, minivault_24,
          eino_small_chamber_without_monster, chequers_serial_rivers_micro_a,
          corexii_corridor_pit, nrook_loot_triangle, grunt_ministairs_9,
          hex_large, nicolae_grassy_gnolls, uniq_grinder
D:5:      layout_loops_ring, minmay_temple_entry_statues_fountains, minivault_14
D:6:      cheibrodos_steamvent, layout_gridville,
          mainiacjoe_overflow_surrounded_room, nicolae_gozag_seed_capital
D:7:      layout_loops_cross, gammafunk_temple_overflow_elements, nicolae_titane
Temple:   nicolae_temple_bog_church

Skill      XL: |  1  2  3  4  5  6  7  8  9 |
---------------+----------------------------+-----
Stealth        | 7 8 9 10 11 | 11.1
Dodging        | 3 4 5 6 |  6.7
Fighting       | 4 5 6 7 |  7.1
Short Blades   | 3 4 5 |  5.0

Action                     |  1- 3 |  4- 6 |  7- 9 || total
---------------------------+-------+-------+-------++-------
  Melee: Short sword       |    23 |   106 |       ||   129
         Tentacles         |     9 |    32 |   124 ||   165
         Constrict         |     4 |    33 |    65 ||   102
         Punch             |     1 |     3 |    14 ||    18
         Dagger            |       |    45 |   385 ||   430
  Throw: Boomerang         |       |       |     5 ||     5
 Invoke: Reject Sacrifices |       |     1 |       ||     1
         Sacrifice Arcana  |       |       |     1 ||     1
    Use: Scroll            |     1 |       |     2 ||     3
         Potion            |       |     1 |     3 ||     4
   Stab: Sleeping          |     3 |    21 |    17 ||    41
         Distracted        |       |     1 |     1 ||     2
 Armour: Skin              |    10 |    42 |   120 ||   172
  Dodge: Dodged            |    16 |    65 |   166 ||   247
